AoeStats
← Canned Banana

Arabia

509755857Analyzed
1v1 RM · 3d ago on Sep 27, 2026· 53m 31s· 2 players
Game mode
Random Map
Map size
Tiny (2 player)
Population
200
Speed
Normal
Resources
Standard
Victory
Conquest
Starting age
Dark Age
Ending age
Imperial Age
RankedLock teamsTeams togetherTeam positionsShared explorationLock speedFull tech treeHidden civsTurbo modeCheats
Victory
Defeat
🇺🇸 Byzantines · United States
791
+19
🇨🇴 Maya · Colombia
849
-45
BZjuega
10:14 Feudal Age
8:29 Loom
17:19 Double-Bit Axe
22:18 Castle Age
20:06 Town Watch
22:22 Padded Archer Armor
22:13 Fletching
26:08 Wheelbarrow
25:51 Leather Archer Armor
25:38 Bodkin Arrow
25:47 Crossbowman
32:21 Town Patrol
32:32 Eagle Warrior
33:50 Pikeman
34:31 Squires
34:36 Scale Mail Armor
34:47 Forging
35:46 Thumb Ring
36:04 Ballistics
35:24 Treadmill Crane
36:20 Chain Mail Armor
37:15 Hand Cart
36:58 Stone Mining
40:11 Murder Holes
45:02 Iron Casting
48:08 Man-at-Arms
53:28 Bow Saw
53:24 Gold Mining
Canned Banana
2:11 Loom
10:39 Feudal Age
11:07 Horse Collar
11:17 Double-Bit Axe
17:24 Wheelbarrow
21:46 Castle Age
20:01 Forging
19:44 Fletching
22:36 Bodkin Arrow
23:15 Ballistics
22:56 Murder Holes
24:33 Hand Cart
26:00 Stone Mining
28:26 Treadmill Crane
32:21 Imperial Age
32:36 Padded Archer Armor
32:53 Elite Skirmisher
33:38 Thumb Ring
33:41 Gold Mining
35:09 Hoardings
35:15 Bracer
36:10 Stone Shaft Mining
36:34 Leather Archer Armor
39:05 Hoardings
39:34 Ring Archer Armor
41:22 Bow Saw
41:21 Heavy Plow
48:09 Crossbowman
49:36 Elite Cataphract
50:28 Logistica
51:15 Gold Shaft Mining
50:57 Forging
50:53 Scale Barding Armor
53:03 Chain Barding Armor
Connection lost

Rejoining the realm…

Still unreachable

The connection could not be restored.

Session expired

The server has moved on; the page needs a fresh start.